 Dungeon Crawl Stone Soup version 0.20-a0-958-g783e32d (webtiles) character file.

130053 Murumi the Blocker (level 17, -1/136 HPs)
             Began as a Formicid Fighter on Apr 5, 2017.
             Was a Priest of Elyvilon.
             Killed from afar by a deep elf sorcerer (12 damage)
             ... with a bolt of acid
             ... on level 1 of the Elven Halls on Apr 6, 2017.
             The game lasted 03:04:25 (36046 turns).

Murumi the Blocker (Formicid Fighter)              Turns: 36046, Time: 03:04:26

Health: -1/136     AC: 31    Str: 22    XL:     17   Next: 63%
Magic:  13/27      EV: 10    Int: 16    God:    Elyvilon [***...]
Gold:   2405       SH: 19    Dex: 12    Spells: 16/16 levels left

rFire    . . .     SeeInvis +   e - +1 great sword (protect)
rCold    + . .     Gourm    .   N - +0 large shield
rNeg     + + .     Faith    .   W - +4 plate armour of Viajuzaxt {*Drain +Inv rN++ Int+4}
rPois    .         Spirit   .   (helmet unavailable)
rElec    +         Reflect  .   P - scarf {rC+}
rCorr    .         Harm     .   s - +0 pair of gloves
MR       ++...                  n - +1 pair of boots
Stlth    ..........             (no amulet)
Regen    0.0/turn               E - +3 ring of evasion
MPRegen  0.2/turn               M - ring of protection from magic

@: protection aura, non-regenerating, badly diseased
A: permanent stasis, dig shafts and tunnels, four strong arms, antennae 3, fangs
1, agile 1, mutation resistance 1, electricity resistance, weak 1
a: Dig, Shaft Self, Lesser Healing, Heal Other, Purification, Divine Protection,
Renounce Religion, Evoke Invisibility


You were on level 1 of the Elven Halls.
You worshipped Elyvilon.
Elyvilon was most pleased with you.
You were hungry.

You visited 5 branches of the dungeon, and saw 25 of its levels.
You visited the Abyss 1 time.
You also visited: Labyrinth and Ice Cave.

You collected 2803 gold pieces.
You spent 398 gold pieces at shops.

Inventory:

Hand Weapons
 e - a +1 great sword of protection (weapon)
 f - a +0 triple crossbow of flaming
Missiles
 i - 149 bolts
Armour
 n - a +1 pair of boots (worn)
 s - a +0 pair of gloves (worn)
 N - a +0 large shield (worn)
 P - a scarf of cold resistance (worn)
 W - the +4 plate armour of Viajuzaxt (worn) {*Drain +Inv rN++ Int+4}
   (You found it in a labyrinth)

   It affects your intelligence (+4).
   It greatly protects you from negative energy.
   It lets you turn invisible.
   It causes draining when unequipped.
Jewellery
 h - an uncursed ring of resist corrosion
 y - an uncursed ring of protection from cold
 E - a +3 ring of evasion (left hand)
 F - an uncursed ring of flight
 G - an uncursed ring of protection from cold
 M - a ring of protection from magic (right hand)
Wands
 u - a wand of paralysis (11/24)
 C - a wand of disintegration (8/24)
 J - a wand of iceblast (10/15)
 K - a wand of paralysis (15/24)
 Q - a wand of acid (11/15)
 S - a wand of lightning (6/15)
 T - a wand of paralysis (14/24)
 U - a wand of paralysis (12/24)
 V - a wand of iceblast (5/15)
 X - a wand of paralysis (6/24)
 Z - a wand of lightning (9/15)
Scrolls
 a - 8 scrolls of remove curse
 m - 4 scrolls of enchant armour
 x - a scroll of holy word
 B - 3 scrolls of enchant weapon
 I - a scroll of magic mapping
 L - 9 scrolls of identify
 Y - 2 scrolls of fog
Potions
 b - a potion of ambrosia
 d - 4 potions of might
 g - 6 potions of brilliance
 l - a potion of magic
 r - 4 potions of resistance
 t - 7 potions of curing
 v - 7 potions of cancellation
 z - a potion of agility
 O - 2 potions of lignification
Miscellaneous
 o - a lightning rod (4/4)
 q - a fan of gales
 D - a sack of spiders
 H - a phial of floods
Comestibles
 j - 17 meat rations
 k - a royal jelly
 w - 36 fruits
 R - 12 bread rations


   Skills:
 - Level 13.0 Fighting
 - Level 11.0 Long Blades
 - Level 11.0 Crossbows
 - Level 14.0 Armour
 - Level 14.0 Shields
 - Level 14.0 Invocations
 + Level 12.1 Evocations


You had 16 spell levels left.
You didn't know any spells.

Dungeon Overview and Level Annotations

Branches:
Dungeon (15/15)            Temple (1/1) D:5            Lair (6/6) D:9
 Shoals (0/4) Lair:4       Spider (0/4) Lair:4        Slime (0/5) Lair:5
    Orc (2/2) D:12            Elf (1/3) Orc:2        Vaults (0/5) D:14
 Depths (0/5) D:15

Altars:
Ashenzari
Cheibriados
Dithmenos
Elyvilon
Fedhas
Gozag
Hepliaklqana
Kikubaaqudgha
Makhleb
Nemelex Xobeh
Okawaru
Qazlal
Ru
Sif Muna
Trog
Uskayaw
Vehumet
Wu Jian
Xom
Yredelemnul
Zin
The Shining One

Shops:
D:11 (   D:15 *   Orc:2 =*[(

Annotations:
Lair:2 exclusion: ice statue


Innate Abilities, Weirdness & Mutations

You cannot be hasted, slowed, berserked, paralysed or teleported.
You can dig through walls and to a lower floor.
Your four strong arms can wield two-handed weapons with a shield.
You have a pair of large antennae on your head. (SInv)
You have very sharp teeth.
You are agile. (Dex +2)
You are somewhat resistant to further mutation.
You are resistant to electric shocks. (rElec)
You are weak. (Str -2)


Message History

The large abomination hits you.
* * * LOW HITPOINT WARNING * * *
You block the large abomination's attack.
You slash the large abomination!
You destroy the large abomination!
The substance of the Abyss twists violently, and a gateway leading out appears!
The raiju bursts into living lightning!
The living lightning hits you! You resist.
* * * LOW HITPOINT WARNING * * *
The living lightning hits you! You resist.
* * * LOW HITPOINT WARNING * * *
The raiju blinks! x4
You hear a bark!
There is a gateway leading out of the Abyss here.
You block the raiju's attack.
You pass through the gate.
Welcome back to the Elven Halls!
The deep elf sorcerer casts a spell at you.
The bolt of acid hits you!
You die...

.# . .#
##.........#..... ## {
.. #e. #'##..........##
{ .*#.. #.#...........#
##
#...###.#...........#
.##+
..#..{.>..'...........'
.#..
#...#.{..'..........###
##p.
#.....{###.........#
#.e
##..#####e##..e.....#
##e. ##...# #@##
#...... .# .##....# ###
...... .###......#
.3.... ........#.#
...... .........#
........## .......##
#.....## ##...##


You could see a deep elf sorcerer.

Vanquished Creatures
  Rupert (Orc:2)
  A tentacled starspawn (Abyss:3)
  Frances (D:14)
  Kirke (D:13)
  A frost giant (IceCv)
  Roxanne (D:15)
  2 orc warlords
  A very ugly thing (Abyss:3)
  Nessos (Lair:5)
  A green death (Abyss:3)
  A minotaur (Lab)
  The ghost of cortexin the Unseen, a journeyman SpAs of Gozag (Orc:2)
  3 ice dragons
  A great orb of eyes (Abyss:4)
  Fannar (D:10)
  A rakshasa (D:15)
  2 centaur warriors
  6 two-headed ogres
  4 dancing weapons
  2 death knights
  4 orc high priests (Orc:2)
  2 death yaks (IceCv)
  2 thrashing horrors (Abyss:3)
  Urug (D:11)
  3 deep elf knights (Elf:1)
  A wretched star (Abyss:3)
  A sixfirhy (Abyss:3)
  A skeletal warrior (D:15)
  2 starcursed masses (Abyss:3)
  6 large abominations
  5 deep elf archers (Elf:1)
  2 unseen horrors (D:15)
  3 wizards
  Pikel (D:9)
  A phantasmal warrior (D:14)
  5 orc knights
  A wolf spider zombie (D:13)
  2 oklob plants (Lair:4)
  3 cyclopes
  5 ugly things
  18 deep elf magi
  6 orc sorcerers
  4 centaur zombies
  Maurice (D:8)
  2 merfolk sirens (Lair:4)
  A black mamba (Lair:4)
  A smoke demon (Abyss:4)
  4 gargoyles
  13 spiny frogs
  A kobold demonologist (D:14)
  An ice statue (IceCv)
  4 rime drakes
  8 komodo dragons
  4 ancient zymes
  2 merfolk (Lair:4)
  A queen bee (Lair:1)
  6 jumping spiders (Lair:4)
  6 hornets
  Prince Ribbit (D:8)
  7 trolls
  20 blink frogs
  2 slime creatures (D:15)
  22 polar bears
  7 raiju (Abyss:4)
  3 small abominations (Abyss:3)
  A raiju (shapeshifter) (D:14)
  A hornet (shapeshifter) (D:13)
  8 hippogriffs
  A dream sheep (Lair:6)
  4 redbacks (Lair:4)
  A flying skull (Abyss:3)
  3 shadows
  13 spriggans
  2 hogs (D:13)
  4 wyverns
  3 wraiths
  46 yaks
  A chaos spawn (Abyss:3)
  Grum (D:8)
  4 basilisks
  5 vampire mosquitoes
  2 hungry ghosts
  6 wargs
  Edmund (D:5)
  3 acid dragons
  6 water moccasins
  6 porcupines
  44 orc warriors
  4 black bears
  A necrophage (D:11)
  2 eyes of draining
  2 phantoms (D:12)
  8 ice beasts
  5 boggarts
  16 ogres
  49 wolves
  17 centaurs
  10 crocodiles
  Blork the orc (D:4)
  15 bullfrogs
  An earth elemental (Elf:1)
  9 scorpions
  2 troll zombies (D:12)
  A water moccasin skeleton (D:6)
  36 killer bees
  12 wights
  6 howler monkeys
  13 crimson imps
  2 bullfrog zombies
  5 hounds
  32 orc priests
  7 iguanas
  10 jellies
  36 orc wizards
  4 bullfrog skeletons
  Ijyb (D:4)
  3 centaur skeletons
  8 worker ants
  6 ogre zombies (D:12)
  A hound skeleton (D:5)
  2 worker ant zombies (D:6)
  Robin (D:3)
  4 gnolls (D:5)
  A howler monkey skeleton (D:7)
  12 adders
  5 shadow imps
  3 white imps (Lair:2)
  An ufetubus (Abyss:4)
  An ooze (Lair:5)
  An adder zombie (D:7)
  An adder skeleton (D:9)
  6 worms
  4 dart slugs
  5 leopard geckos
  110 orcs
  2 ball pythons
  6 giant cockroaches
  17 goblins
  7 hobgoblins
  7 jackals
  7 quokkas
  7 bats
  5 frilled lizards
  2 hobgoblin skeletons (D:12)
  2 hobgoblin zombies (D:12)
  11 kobolds
  A leopard gecko skeleton (D:5)
  3 orc skeletons (D:12)
  18 orc zombies (D:12)
  4 rats
  A butterfly (Lair:1)
  2 starspawn tentacles (Abyss:3)
979 creatures vanquished.

Vanquished Creatures (collateral kills)
  A water moccasin (Lair:2)
1 creature vanquished.

Vanquished Creatures (others)
  An orc (Orc:2)
  A bush (Lair:2)
  11 fungi
  6 plants
  17 starspawn tentacles (Abyss:3)
36 creatures vanquished.

Grand Total: 1016 creatures vanquished

Notes
Turn   | Place    | Note
-------+----------+-------------------------------------------
     0 | D:1      | Murumi the Formicid Fighter began the quest for the Orb.
     0 | D:1      | Reached XP level 1. HP: 18/18 MP: 1/1
   183 | D:1      | Reached XP level 2. HP: 24/24 MP: 2/2
   626 | D:2      | Reached XP level 3. HP: 29/29 MP: 3/3
  1011 | D:2      | Reached XP level 4. HP: 37/37 MP: 4/4
  1035 | D:2      | Reached skill level 1 in Evocations
  1192 | D:2      | Gained mutation: Armour fits poorly on your strangely shaped body. [potion of mutation]
  1192 | D:2      | Gained mutation: Your movements are slightly less encumbered by armour. (ER -2) [potion of mutation]
  1193 | D:2      | Lost mutation: Armour fits poorly on your strangely shaped body. [potion of mutation]
  1193 | D:2      | Lost mutation: Your movements are slightly less encumbered by armour. (ER -2) [potion of mutation]
  1193 | D:2      | Gained mutation: Your magical capacity is low. (-10% MP) [potion of mutation]
  1193 | D:2      | Gained mutation: Potions are less effective at restoring your health. [potion of mutation]
  1193 | D:2      | Gained mutation: You evolve. [potion of mutation]
  1727 | D:3      | Noticed Robin
  1748 | D:3      | Reached XP level 5. HP: 38/42 MP: 6/6
  1760 | D:3      | Killed Robin
  2570 | D:3      | Noticed an ogre
  2577 | D:3      | Killed an ogre
  2577 | D:3      | Reached XP level 6. HP: 17/48 MP: 6/8
  2916 | D:4      | Reached skill level 5 in Evocations
  3167 | D:4      | Noticed an ogre
  3174 | D:4      | Killed an ogre
  3174 | D:4      | Reached skill level 5 in Shields
  3174 | D:4      | Reached XP level 7. HP: 54/54 MP: 9/9
  3197 | D:4      | Noticed Ijyb
  3208 | D:4      | Killed Ijyb
  3437 | D:4      | Noticed Blork the orc
  3458 | D:4      | Killed Blork the orc
  3458 | D:4      | Reached skill level 5 in Fighting
  3895 | D:4      | Found a shattered altar of Ashenzari.
  3899 | D:4      | Saw a vision of the Shoals and the Spider Nest.
  3899 | D:4      | Noticed a merfolk
  3899 | D:4      | Noticed a sea snake
  3899 | D:4      | Noticed a merfolk
  3899 | D:4      | Noticed a merfolk siren
  3899 | D:4      | Noticed a redback
  3899 | D:4      | Noticed a merfolk
  3899 | D:4      | Noticed a wolf spider
  3899 | D:4      | Noticed a hippogriff
  3899 | D:4      | Noticed a hippogriff
  3899 | D:4      | Noticed a merfolk
  3899 | D:4      | Noticed a wolf spider
  3899 | D:4      | Noticed a merfolk
  3899 | D:4      | Noticed a merfolk
  3899 | D:4      | Noticed a sea snake
  3899 | D:4      | Noticed a redback
  3901 | D:4      | Noticed a merfolk
  4083 | D:4      | Reached XP level 8. HP: 64/64 MP: 10/10
  4180 | D:5      | Entered Level 5 of the Dungeon
  4303 | D:5      | Found a staircase to the Ecumenical Temple.
  4334 | Temple   | Entered the Ecumenical Temple
  4339 | Temple   | Became a worshipper of Elyvilon the Healer
  4959 | D:5      | Reached skill level 5 in Invocations
  5079 | D:5      | Reached * piety under Elyvilon
  5122 | D:5      | Reached XP level 9. HP: 67/72 MP: 10/12
  5153 | D:5      | Noticed Edmund
  5186 | D:5      | Killed Edmund
  5500 | D:5      | Gained mutation: You are partially covered in slimy green scales. (AC +2) [evolution]
  5707 | D:6      | Reached skill level 5 in Armour
  5996 | D:6      | Reached ** piety under Elyvilon
  7266 | D:7      | Reached skill level 5 in Long Blades
  7318 | D:7      | Found a radiant altar of Vehumet.
  7788 | D:8      | Noticed Prince Ribbit
  7830 | D:7      | Gained mutation: Your spells are a little harder to cast, but a little more powerful. [evolution]
  7879 | D:8      | Reached *** piety under Elyvilon
  7964 | D:8      | Killed Prince Ribbit
  7964 | D:8      | Reached XP level 10. HP: 42/79 MP: 13/13
  8336 | D:8      | Noticed Grum
  8363 | D:8      | Killed Grum
  8724 | D:8      | Noticed Maurice
  8749 | D:8      | Killed Maurice
  9788 | D:9      | Reached XP level 11. HP: 64/84 MP: 13/15
  9810 | D:9      | Gained mutation: Your body sometimes deteriorates upon taking damage. [evolution]
 10022 | D:9      | Noticed a two-headed ogre
 10030 | D:9      | Killed a two-headed ogre
 10279 | D:9      | Found a staircase to the Lair.
 10386 | D:9      | Noticed Pikel
 10406 | D:9      | Killed Pikel
 10760 | D:10     | Entered Level 10 of the Dungeon
 10760 | D:10     | Noticed Fannar
 10804 | D:10     | Killed Fannar
 10984 | Lair:1   | Entered Level 1 of the Lair of Beasts
 12282 | Lair:1   | Found a hide-covered altar of Uskayaw.
 12586 | Lair:1   | Noticed a four-headed hydra
 12588 | Lair:1   | Pacified a four-headed hydra
 12588 | Lair:1   | Reached XP level 12. HP: 95/95 MP: 13/16
 13084 | Lair:2   | Noticed an ice dragon
 13118 | Lair:2   | Killed an ice dragon
 13118 | Lair:2   | Reached skill level 10 in Shields
 13234 | Lair:2   | Reached skill level 10 in Invocations
 13649 | Lair:2   | Reached **** piety under Elyvilon
 13833 | Lair:2   | Reached skill level 10 in Fighting
 13842 | Lair:2   | Noticed a four-headed hydra
 13842 | Lair:2   | Pacified a four-headed hydra
 14468 | Lair:3   | Reached skill level 10 in Armour
 14621 | Lair:3   | Reached XP level 13. HP: 48/103 MP: 16/18
 15182 | Lair:3   | Gained mutation: You have sharp toenails. [evolution]
 16284 | Lair:4   | Reached skill level 10 in Evocations
 16613 | Lair:4   | Found a staircase to the Shoals.
 16857 | Lair:4   | Noticed an eight-headed hydra
 16859 | Lair:4   | Pacified an eight-headed hydra
 17709 | Lair:4   | Found a hole to the Spider Nest.
 18085 | Lair:5   | Found a staircase to the Slime Pits.
 18239 | Lair:5   | Noticed Nessos
 18260 | Lair:5   | Killed Nessos
 18827 | Lair:5   | Reached ***** piety under Elyvilon
 18884 | Lair:5   | Gained mutation: You are clumsy. (Dex -2) [evolution]
 19112 | Lair:6   | Entered Level 6 of the Lair of Beasts
 19329 | Lair:6   | Reached XP level 14. HP: 82/111 MP: 20/20
 20767 | Lair:6   | Identified Sif Muna's Incunabulum of Damage Dealing
 21233 | Lair:6   | Reached skill level 10 in Long Blades
 21921 | D:10     | Lost mutation: You are clumsy. (Dex -2) [potion of mutation]
 21921 | D:10     | Lost mutation: You have sharp toenails. [potion of mutation]
 21921 | D:10     | Lost mutation: Your magical capacity is low. (-10% MP) [potion of mutation]
 21921 | D:10     | Lost mutation: Your body sometimes deteriorates upon taking damage. [potion of mutation]
 21921 | D:10     | Gained mutation: You are partially covered in thin metallic scales. (AC +2) [potion of mutation]
 21922 | D:10     | Lost mutation: Your spells are a little harder to cast, but a little more powerful. [potion of mutation]
 21922 | D:10     | Gained mutation: Your natural rate of healing is unusually fast. [potion of mutation]
 21922 | D:10     | Gained mutation: Your muscles are strong. (Str +2) [potion of mutation]
 22221 | D:11     | Found Uxza Nur's Antique Weapon Shop.
 22230 | D:11     | Bought a triple crossbow for 260 gold pieces
 22274 | D:11     | Found a labyrinth entrance.
 22347 | Lab      | Entered a labyrinth
 25128 | Lab      | Got an ancient plate armour
 25128 | Lab      | Got a fine chain mail
 25142 | D:11     | Identified the +4 plate armour of Viajuzaxt {*Drain +Inv rN++ Int+4} (You found it in a labyrinth)
 25142 | D:11     | Identified the +4 chain mail "Facics" {Regen+ Int+2} (You found it in a labyrinth)
 25227 | D:11     | Noticed Urug
 25264 | D:11     | Killed Urug
 25264 | D:11     | Reached skill level 1 in Crossbows
 25892 | D:12     | Found a frozen archway.
 25918 | IceCv    | Entered an ice cave
 26021 | IceCv    | Gained mutation: You are robust. (+10% HP) [evolution]
 26134 | IceCv    | Reached XP level 15. HP: 129/129 MP: 24/24
 26148 | IceCv    | Reached skill level 5 in Crossbows
 26409 | IceCv    | Noticed a frost giant
 26436 | IceCv    | Killed a frost giant
 26827 | D:12     | Found a staircase to the Orcish Mines.
 27533 | D:12     | Lost mutation: You are robust. (+10% HP) [potion of mutation]
 27533 | D:12     | Lost mutation: Your natural rate of healing is unusually fast. [potion of mutation]
 27533 | D:12     | Lost mutation: You are partially covered in thin metallic scales. (AC +2) [potion of mutation]
 27533 | D:12     | Lost mutation: Your muscles are strong. (Str +2) [potion of mutation]
 27533 | D:12     | Lost mutation: You evolve. [potion of mutation]
 27533 | D:12     | Gained mutation: You are somewhat resistant to further mutation. [potion of mutation]
 27533 | D:12     | Gained mutation: Your mind is acute. (Int +2) [potion of mutation]
 27556 | D:12     | Reached ****** piety under Elyvilon
 27650 | Orc:1    | Entered Level 1 of the Orcish Mines
 28171 | Orc:2    | Entered Level 2 of the Orcish Mines
 28171 | Orc:2    | Found a staircase to the Elven Halls.
 28173 | Orc:2    | Noticed an orc warlord
 28247 | Orc:1    | Killed an orc warlord
 28503 | Orc:2    | Noticed cortexin's ghost (journeyman SpAs)
 28528 | Orc:2    | Killed cortexin's ghost
 28528 | Orc:2    | Reached skill level 10 in Crossbows
 29004 | Orc:2    | Noticed an orc warlord
 29014 | Orc:2    | Killed an orc warlord
 29207 | Orc:2    | Noticed Rupert
 29246 | Orc:2    | Killed Rupert
 29246 | Orc:2    | Reached XP level 16. HP: 62/127 MP: 25/25
 29676 | Orc:2    | Found Nearghesk's Antique Armour Shop.
 29677 | Orc:2    | Found Gatit's Antique Weapon Shop.
 29678 | Orc:2    | Found Emasas's General Store.
 29678 | Orc:2    | Found Lothazim's Jewellery Boutique.
 29682 | Orc:2    | Bought a potion of mutation for 104 gold pieces
 29682 | Orc:2    | Lost mutation: Your mind is acute. (Int +2) [potion of mutation]
 29682 | Orc:2    | Gained mutation: You are resistant to electric shocks. (rElec) [potion of mutation]
 29684 | Orc:2    | Bought a cursed amulet of inaccuracy for 34 gold pieces
 29946 | D:12     | Upgraded the game from 0.20-a0-957-g47ad1fd to 0.20-a0-958-g783e32d
 30130 | D:13     | Noticed Kirke
 30186 | D:13     | Killed Kirke
 30812 | D:13     | Lost mutation: You are partially covered in slimy green scales. (AC +2) [potion of mutation]
 30812 | D:13     | Lost mutation: Potions are less effective at restoring your health. [potion of mutation]
 30812 | D:13     | Lost mutation: You are somewhat resistant to further mutation. [potion of mutation]
 30812 | D:13     | Gained mutation: You are agile. (Dex +2) [potion of mutation]
 30812 | D:13     | Gained mutation: You have very sharp teeth. [potion of mutation]
 30917 | D:13     | Gained mutation: You are robust. (+10% HP) [mutagenic meat]
 30918 | D:13     | Gained mutation: You are somewhat resistant to further mutation. [mutagenic meat]
 31531 | D:14     | Noticed Frances
 31549 | D:14     | Killed Frances
 31884 | D:14     | Found a gate to the Vaults.
 32536 | D:15     | Entered Level 15 of the Dungeon
 33295 | D:15     | Found a staircase to the Depths.
 33736 | D:15     | Noticed Roxanne
 33758 | D:15     | Killed Roxanne
 33759 | D:15     | Identified Roxanne's Catalogue of the Rocks (You took it off Roxanne on level 15 of the Dungeon)
 33858 | D:15     | Found Hasatuud's Assorted Antiques.
 34325 | Elf:1    | Entered Level 1 of the Elven Halls
 34431 | Elf:1    | Reached XP level 17. HP: 87/149 MP: 26/26
 35312 | Elf:1    | Cast into level 3 of the Abyss (a deep elf sorcerer)
 35417 | Abyss:3  | Found a corrupted altar of Lugonu.
 35466 | Abyss:3  | Noticed a tentacled starspawn
 35483 | Abyss:3  | Killed a tentacled starspawn
 35545 | Abyss:3  | Elyvilon protects you from harm!
 35766 | Abyss:3  | Noticed a tentacled starspawn
 35774 | Abyss:3  | Noticed a hellephant
 35833 | Abyss:3  | Gained mutation: You are weak. (Str -2) [a cacodemon]
 35841 | Abyss:3  | Lost mutation: You are robust. (+10% HP) [a cacodemon]
 35847 | Abyss:3  | Noticed a tentacled starspawn
 35848 | Abyss:3  | Noticed a tentacled starspawn
 36022 | Abyss:4  | HP: 4/136 [raiju/living lightning (8)]
 36046 | Elf:1    | Escaped the Abyss
 36046 | Elf:1    | Killed from afar by a deep elf sorcerer

Vault maps used:
D:1:      dpeg_arrival_lava_temple_mockup
D:2:      minivault_19, st_stairs_5
D:3:      kennysheep_big_flooded_room, minmay_parallelograms, uniq_robin
D:4:      grunt_ashenzari_visionary, uniq_iyjb, uniq_blork_the_orc
D:5:      minmay_temple_entry_enclosed_plants, first_bread, uniq_edmund
D:7:      fiery_altar_vehumet, minmay_misc_feat_room
D:8:      uniq_grum, uniq_prince_ribbit1, uniq_maurice
D:9:      erik_lair_island, uniq_pikel
D:10:     the_bakery, grunt_decor_arrowhead, uniq_fannar
D:11:     lab_entry_generic, serial_shops, shop, uniq_urug
D:12:     zombieorc2_lemuel, portal_ice_cave_entry_pillars_1
D:13:     uniq_kirke
D:14:     erik_vaults_1, roderic_roman_lattice, uniq_frances
D:15:     grunt_enter_depths_hoard, serial_shops,
          nicolae_shop_overgrown_old_shop, minmay_misc_feat_square, uniq_roxanne
Temple:   dpeg_three_leaves_temple
Lair:1:   special_room, basic_altar, beast_lair_carwin_9, lemuel_fruit_fields
Lair:2:   ice2_lemuel, grunt_megastairs_2
Lair:4:   elwin_shoals_entry_stream, nicolae_spider_entry_tight_spaces,
          minmay_lair_oklob_chamber, infiniplex_staircase_pool_2
Lair:5:   nicolae_slime_entry_slimehenge, eino_small_chamber_without_monster,
          serial_bayou_shore_a, uniq_nessos
Lair:6:   minmay_lair_end_enchanted_forest, minivault_27, lemuel_fruit_fields,
          lemuel_fruit_fields
Orc:2:    st_orc_congregation, uniq_rupert
Elf:1:    eino_elf_arrival_shootout, hangedman_elf_disciples
Abyss:3:  evilmike_abyss_exit_8, nicolae_abyss_rune_star_stuff
Abyss:4:  evilmike_abyss_exit_13, evilmike_abyss_exit_1
Lab:      nicolae_lab_starburst, labyrinth_skeletal_remains
IceCv:    ice_cave_caverns_01

Skill      XL: |  1  2  3  4  5  6  7  8  9 10 11 12 13 14 15 16 17 |
---------------+----------------------------------------------------+-----
Shields        | 4 5 7 8 9 10 13 14 | 14.0
Long Blades    | 3 4 5 6 8 9 10 11 | 11.0
Fighting       | 4 5 7 9 10 11 13 | 13.0
Evocations     | 2 4 5 7 8 9 10 11 12 | 12.1
Armour         | 4 6 7 8 10 11 12 14 | 14.0
Invocations    | 5 7 9 10 12 13 14 | 14.0
Crossbows      | 4 11 | 11.0

Action                   |  1- 3 |  4- 6 |  7- 9 | 10-12 | 13-15 | 16-18 || total
-------------------------+-------+-------+-------+-------+-------+-------++-------
Melee: Long sword        |    76 |   222 |   583 |   264 |       |       ||  1145
       Great sword       |       |       |       |   712 |  2144 |  1243 ||  4099
       Bite              |       |       |       |       |       |   164 ||   164
       Unarmed           |       |       |       |       |       |    37 ||    37
 Fire: Triple crossbow   |       |       |       |       |       |     1 ||     1
Invok: Lesser Healing    |       |       |       |    40 |    21 |    17 ||    78
       Heal Other        |       |       |       |     8 |     4 |     1 ||    13
       Greater Healing   |       |       |       |       |     5 |    30 ||    35
 Abil: Dig               |       |     3 |     8 |    15 |    32 |    28 ||    86
Evoke: Wand              |       |       |     3 |    11 |    11 |     4 ||    29
  Use: Scroll            |     3 |     5 |     9 |     8 |    13 |     4 ||    42
       Potion            |       |     4 |       |       |     5 |     9 ||    18
 Stab: Confused          |       |       |       |     5 |       |       ||     5
       Paralysed         |       |       |       |       |    13 |       ||    13
       Invisible         |       |       |       |       |       |     5 ||     5
  Eat: Chunk             |       |     8 |    16 |    24 |    43 |    30 ||   121
       Royal jelly       |       |       |       |     6 |    10 |     7 ||    23
       Fruit             |       |       |       |       |     2 |       ||     2
       Bread ration      |       |       |       |       |       |     1 ||     1
Armor: Scale mail        |    25 |    82 |    33 |       |       |       ||   140
       Plate armour      |       |       |   168 |   561 |   750 |   408 ||  1887
       Chain mail        |       |       |    13 |       |       |       ||    13
Dodge: Dodged            |    19 |    65 |    98 |   284 |   478 |   278 ||  1222
Block: Shield            |    38 |    96 |   252 |   761 |   353 |       ||  1500
       Large shield      |       |       |       |       |  1454 |  1105 ||  2559
       Rpst.: Long sword |    12 |    21 |    32 |    24 |       |       ||    89
       Great sword       |       |       |       |    67 |   103 |    70 ||   240
